Map: Rhoskallian LE

Players

qqq

  • Race: Protoss Protoss
  • League: Platinum
  • Spawn Location: 12:00

Massa

  • Race: Terran Terran
  • League: Platinum
  • Spawn Location: 11:00

BoBunChaGio - Winner!

  • Race: Terran Terran
  • Spawn Location: 6:00

Nessbih - Winner!

  • Race: Terran Terran
  • Spawn Location: 5:00

VOD

Have the link to the VOD?

Description

Time

  • Played on: Nov. 19, 2020, 3:50 p.m.
  • Length: 15:15
Show
View Real Time Build Order
Export as new Build Order

qqq Protoss 

Build Orders:  

Get SALT Encoding   

  12  0:00  Probe  
  13  0:12  Probe  
  14  0:22  Pylon  
  14  0:31  Probe  
  15  0:43  Probe  
  15  0:44  Gateway  
  15  0:49  Pylon  
  16  0:55  Probe  
  17  1:07  Probe  
  18  1:19  Probe  
  19  1:31  Probe  
  20  1:32  Assimilator  
  20  1:41  Cybernetics Core  
  20  1:44  Probe  
  20  1:45  Assimilator  
  21  1:56  Probe  
  21  2:00  Pylon  
  22  2:08  Probe  
  22  2:15  Adept (Chrono Boost)  
  23  2:20  Probe  
  24  2:33  Probe  
  24  2:37  Adept (Chrono Boost)  
  25  2:45  Probe  
  25  2:57  Probe  
  25  3:00  Stalker (Chrono Boost)  
  27  3:31  Stalker  
  29  3:38  Probe  
  30  3:50  Probe  
  31  3:59  Nexus  
  31  4:01  Stalker (Chrono Boost)  
  33  4:02  Gateway  
  33  4:16  Probe  
  33  4:28  Probe, Stalker (Chrono Boost)  
  36  4:37  Stargate  
  36  4:40  Probe  
  33  4:51  Adept x2  
  33  4:52  Probe  
  38  5:02  Pylon x2  
  38  5:06  Probe (Chrono Boost)  
  39  5:10  Stargate  
  39  5:11  Probe (Chrono Boost)  
  40  5:21  Probe x2 (Chrono Boost), Stalker, Adept  
  38  5:51  Stalker x2  
  42  6:08  Probe x2  
  44  6:13  Void Ray (Chrono Boost)  
  44  6:20  Probe x2  
  44  6:21  Stalker, Adept  
  54  6:28  Void Ray (Chrono Boost)  
  59  6:32  Probe  
  59  6:33  Probe  
  59  6:44  Probe  
  59  6:51  Adept  
  61  6:58  Stalker  
  61  7:00  Phoenix  
  65  7:04  Phoenix  
  63  7:15  Probe  
  63  7:16  Probe  
  63  7:27  Probe (Chrono Boost)  
  63  7:29  Probe (Chrono Boost)  
  65  7:40  Probe (Chrono Boost)  
  67  7:46  Probe (Chrono Boost)  
  67  7:47  Probe (Chrono Boost)  
  68  7:52  Probe  
  68  7:54  Probe  
  70  8:12  Pylon  
  70  8:13  Pylon  
  70  8:14  Pylon  
  70  8:16  Pylon  
  70  8:29  Forge  
  70  8:30  Probe x2  
  72  8:36  Nexus  
  72  8:37  Phoenix, Void Ray  
  72  8:39  Pylon  
  74  8:42  Probe x2  
  80  8:49  Assimilator  
  80  8:55  Assimilator  
  80  9:07  Adept x2  
  84  9:21  Photon Cannon  
  82  9:37  Adept x2  
  55  10:04  Probe  
  55  10:06  Probe  
  57  10:08  Fleet Beacon  
  57  10:13  Phoenix  
  59  10:16  Probe  
  59  10:18  Probe  
  62  10:28  Probe, Robotics Facility  
  62  10:30  Probe  
  63  10:37  Phoenix  
  63  10:38  Phoenix  
  63  10:40  Probe  
  69  10:42  Probe  
  69  10:46  Photon Cannon  
  69  10:52  Probe, Photon Cannon  
  69  10:54  Probe  
  61  11:10  Carrier  
  62  11:55  Nexus  
  62  12:04  Pylon  
  62  12:07  Pylon  
  49  12:50  Carrier  
  55  12:53  Probe  
  56  13:05  Probe  
  57  13:17  Probe  
  57  13:19  Photon Cannon  
  58  13:22  Photon Cannon  
  58  13:25  Photon Cannon  
  58  13:27  Photon Cannon  
  58  13:30  Probe  
  59  13:41  Photon Cannon  
  59  13:42  Probe  
  59  13:44  Photon Cannon  
  60  13:53  Cybernetics Core  
  60  13:56  Observer  
  61  14:04  Phoenix x2  
  65  14:18  Observer  
  66  14:29  Phoenix x2  
Show
View Real Time Build Order
Export as new Build Order

Massa Terran 

Build Orders: Gas First Reaper Expand 

Get SALT Encoding   

  12  0:00  SCV  
  13  0:12  SCV  
  14  0:22  Supply Depot  
  14  0:29  Refinery  
  14  0:30  SCV  
  15  0:44  SCV  
  15  0:46  Barracks  
  16  0:56  SCV  
  17  1:08  SCV  
  18  1:20  SCV  
  19  1:37  Reaper  
  20  1:43  SCV, Command Center  
  21  1:55  Orbital Command  
  21  2:11  Reaper  
  21  2:13  Factory  
  21  2:24  Barracks  
  20  2:43  Reaper  
  21  2:50  SCV  
  21  3:02  SCV  
  21  3:03  Orbital Command  
  22  3:24  Reaper  
  22  3:33  Reaper  
  21  3:44  SCV  
  21  3:45  SCV  
  19  3:56  Reaper, SCV  
  19  4:14  SCV x2  
  19  4:16  Marine  
  22  4:20  Command Center  
  21  4:25  Barracks  
  21  4:26  SCV x2  
  21  4:30  Factory  
  23  4:32  Barracks Reactor  
  23  4:34  Marine  
  23  4:38  SCV x2  
  26  4:43  Factory Reactor  
  26  4:48  Barracks  
  26  4:53  Barracks Tech Lab  
  26  5:07  SCV x2  
  26  5:08  Refinery  
  28  5:19  SCV x2  
  30  5:26  Command Center  
  30  5:27  Engineering Bay  
  30  5:32  Hellion x2  
  32  5:53  SCV x2, Hellion x2  
  36  6:01  Marine x2  
  36  6:03  Marauder  
  40  6:05  Barracks Reactor, SCV x2  
  40  6:07  Barracks Tech Lab  
  42  6:17  SCV  
  43  6:19  Marine x2  
  43  6:22  Orbital Command  
  43  6:25  SCV, Marauder  
  48  6:29  SCV  
  49  6:36  Marine  
  49  6:37  SCV  
  51  6:41  SCV  
  52  6:49  SCV  
  52  6:52  Stimpack  
  52  6:53  SCV  
  54  6:55  Combat Shield  
  54  7:02  SCV  
  54  7:03  Missile Turret  
  54  7:08  Missile Turret  
  55  7:13  SCV x2  
  55  7:14  SCV  
  58  7:25  SCV x2  
  58  7:26  SCV  
  61  7:34  Marine  
  61  7:35  Marauder x2, Marine x2  
  68  7:43  Supply Depot  
  68  7:44  Supply Depot  
  68  7:46  Supply Depot  
  68  7:48  Supply Depot x2  
  68  7:49  Supply Depot  
  68  7:51  Factory Tech Lab, Supply Depot  
  68  8:00  Missile Turret  
  68  8:02  Planetary Fortress  
  68  8:04  SCV x3, Marine x3  
  68  8:05  Marauder  
  76  8:15  Widow Mine x2  
  76  8:16  SCV x3  
  76  8:17  Siege Tank  
  86  8:25  Terran Infantry Weapons Level 1  
  86  8:29  SCV x3  
  89  8:36  Widow Mine x2  
  89  8:39  Armory  
  89  8:41  SCV x2  
  95  8:42  Refinery  
  95  8:43  Refinery  
  95  8:46  Refinery x2, SCV x2  
  97  8:53  SCV x2  
  99  8:58  SCV x2  
  96  9:05  SCV x2  
  96  9:06  Command Center  
  91  9:10  SCV x2  
  91  9:15  Missile Turret  
  91  9:16  Missile Turret  
  91  9:37  Sensor Tower  
  91  9:42  Widow Mine x2, Siege Tank  
  98  9:47  Marauder x2, Marine x2  
  98  9:48  Marine x2  
  106  9:59  Barracks  
  106  10:01  Barracks  
  106  10:03  Starport, Barracks  
  106  10:05  Marine x2  
  106  10:06  Marine x2  
  110  10:08  Marauder x2  
  114  10:14  Siege Tank  
  117  10:21  SCV x2  
  117  10:22  SCV x2  
  117  10:23  Marine x2  
  117  10:24  Refinery, Marine  
  117  10:26  Refinery, Marine  
  124  10:33  SCV  
  124  10:35  Widow Mine, Marauder  
  124  10:37  Supply Depot  
  124  10:38  Supply Depot  
  124  10:39  Supply Depot  
  124  10:50  Marine x2  
  124  10:51  Widow Mine  
  124  10:52  Marauder, Siege Tank  
  124  10:56  Marauder  
  114  11:01  Supply Depot  
  114  11:05  Barracks Tech Lab  
  114  11:06  Barracks Reactor, Barracks Tech Lab, Marine  
  114  11:07  Marine  
  114  11:08  Marine x2  
  118  11:14  Marauder  
  118  11:17  Marauder  
  122  11:24  Marine  
  122  11:25  SCV, Marine  
  125  11:26  SCV x3, Marine x2  
  125  11:27  Marauder x2  
  125  11:32  Starport Reactor  
  134  11:35  Marauder  
  134  11:37  SCV  
  134  11:38  SCV x3  
  134  11:39  Marauder  
  142  11:42  Marine  
  142  11:43  Marine x2  
  137  11:49  Marauder x2  
  137  11:51  Siege Tank  
  142  11:56  Marauder  
  142  12:00  Marauder  
  134  12:10  Marauder, Liberator  
  134  12:11  Medivac  
  141  12:23  Siege Tank  
  136  12:40  Medivac  
  100  12:49  Marauder x4, Marine  
  100  12:50  Marine  
  96  12:55  Siege Tank  
  96  12:56  Widow Mine x2  
  101  13:10  Marauder  
  101  13:11  Marauder x3, Marine x3  
  101  13:12  Marine x3  
  115  13:17  Widow Mine  
  115  13:18  Widow Mine  
  119  13:28  Siege Tank  
  119  13:29  Marine x4  
  119  13:32  Marauder x4  
  132  13:39  Widow Mine x2  
  134  13:53  Marauder x3  
  134  13:54  Marauder  
  142  14:00  Siege Tank  
  145  14:13  Widow Mine x2  
  145  14:14  Marauder  
  145  14:15  Marauder x2  
  155  14:36  Marine  
  156  14:41  Supply Depot  
  156  14:42  Supply Depot x2  
  156  14:43  Supply Depot x2  
  156  14:44  Supply Depot  
  156  14:58  Command Center  
  156  15:00  SCV  
  175  15:10  Command Center  
Show
View Real Time Build Order
Export as new Build Order

BoBunChaGio Terran - Winner!

Build Orders:  

Get SALT Encoding   

  12  0:00  SCV  
  13  0:12  SCV  
  14  0:19  Supply Depot  
  14  0:24  SCV  
  15  0:40  SCV  
  16  0:45  Barracks  
  16  0:49  Refinery  
  16  0:53  SCV  
  17  1:05  SCV  
  17  1:08  Barracks  
  18  1:17  SCV  
  19  1:32  Orbital Command  
  19  1:34  Reaper  
  20  1:47  Supply Depot  
  20  1:54  Refinery  
  20  1:56  Reaper  
  20  1:58  SCV  
  22  2:17  SCV  
  22  2:18  Reaper  
  24  2:25  Supply Depot  
  25  2:30  SCV  
  25  2:36  Reaper  
  25  2:45  SCV  
  25  2:50  Reaper  
  27  3:03  SCV  
  28  3:08  Reaper  
  29  3:15  SCV  
  29  3:17  Command Center  
  30  3:23  Reaper  
  31  3:40  Reaper  
  31  3:45  SCV  
  32  3:55  Reaper  
  33  3:57  SCV  
  33  4:10  SCV  
  33  4:16  Factory  
  34  4:18  Barracks x2, Supply Depot x2  
  34  4:26  Barracks Tech Lab  
  34  4:30  SCV  
  34  4:31  Orbital Command  
  33  4:46  Stimpack  
  33  4:50  SCV  
  34  4:58  SCV  
  35  5:00  Marine  
  35  5:02  SCV  
  35  5:06  Starport  
  37  5:10  SCV  
  37  5:13  Barracks Reactor  
  38  5:14  SCV  
  38  5:21  Marine x2  
  40  5:22  SCV  
  40  5:26  SCV  
  43  5:29  Factory Tech Lab  
  43  5:34  SCV  
  44  5:38  SCV  
  44  5:39  Marine x2  
  46  5:56  Marine x4  
  49  5:57  Starport Reactor, Siege Tank  
  49  5:59  SCV x2  
  55  6:08  Refinery, Barracks Reactor  
  55  6:10  Engineering Bay  
  55  6:11  SCV x2, Engineering Bay  
  55  6:12  Refinery, Supply Depot x2  
  55  6:14  Marine x2  
  55  6:17  Marine  
  61  6:23  SCV x2  
  61  6:25  Barracks Reactor  
  62  6:31  Marine x2  
  62  6:32  Combat Shield  
  61  6:43  Marine  
  61  6:44  SCV x2  
  64  6:49  Marine x2, Command Center, Medivac x2  
  70  6:54  Supply Depot  
  70  6:56  SCV x2, Marine x2, Supply Depot  
  70  7:00  Marine  
  75  7:01  Supply Depot  
  75  7:02  Marine x2  
  75  7:08  SCV x2, Marine x2  
  79  7:10  Terran Infantry Armor Level 1, Terran Infantry Weapons Level 1  
  79  7:13  Missile Turret  
  81  7:17  Missile Turret  
  81  7:19  Missile Turret  
  81  7:20  SCV x2  
  83  7:26  Missile Turret  
  83  7:29  Medivac  
  64  7:30  Medivac  
  87  7:31  Marine x5  
  87  7:33  SCV  
  87  7:36  SCV  
  94  7:55  Marauder, Marine x3  
  99  8:02  Marine x2  
  101  8:16  Marauder  
  103  8:22  Marine x6  
  103  8:23  Viking, Siege Tank  
  103  8:24  Viking  
  103  8:26  Orbital Command  
  117  8:27  SCV x2  
  117  8:29  Concussive Shells  
  117  8:33  Armory  
  117  8:34  Supply Depot  
  118  8:36  Supply Depot  
  118  8:38  Marauder  
  118  8:39  SCV x2, Marine  
  118  8:40  Marine x2  
  125  8:55  Marine x3, Siege Tank  
  131  8:56  Viking  
  131  8:57  Marine  
  131  8:59  Marauder  
  134  9:09  Medivac  
  132  9:19  Marine x5  
  132  9:21  Marauder  
  138  9:32  Marine  
  138  9:36  Marine  
  138  9:37  Marine  
  141  9:43  Orbital Command  
  141  9:59  Supply Depot  
  141  10:00  Supply Depot  
  141  10:19  Factory  
  141  10:20  Refinery, Terran Infantry Weapons Level 2  
  141  10:21  Refinery, Marauder, Marine x6, Viking x2, Siege Tank  
  149  10:22  Terran Infantry Armor Level 2  
  155  10:38  Marine x2  
  157  10:44  Marauder  
  157  11:02  Barracks  
  157  11:03  Barracks x2  
  157  11:05  Command Center  
  157  11:34  Marine  
  157  11:35  Marine  
  157  11:39  Marine  
  157  11:40  Marine x2  
  157  11:41  Marine  
  157  11:42  Marauder, Viking x2  
  157  11:43  Siege Tank  
  148  11:53  Barracks Tech Lab  
  148  11:54  Barracks Reactor, Barracks Tech Lab  
  142  11:55  Factory Reactor  
  142  11:58  Supply Depot  
  142  11:59  Marine x6, Supply Depot x2  
  148  12:03  Marauder  
  150  12:12  Viking x2  
  150  12:13  Terran Vehicle Weapons Level 1  
  150  12:15  Siege Tank  
  157  12:16  Marine  
  157  12:17  Command Center  
  158  12:24  Marauder  
  128  12:38  Marine  
  128  12:39  Marauder x2, Marine x3  
  127  12:48  Marauder, Marine x4  
  127  12:49  Medivac x2  
  127  12:51  Thor  
  134  12:52  Widow Mine x2  
  134  12:56  Marine x3  
  147  13:00  Marauder  
  149  13:08  Marauder, Marine x5  
  149  13:09  Marauder  
  158  13:14  Marine  
  159  13:25  Planetary Fortress  
  146  13:50  Thor  
  146  13:51  Widow Mine  
  146  13:52  Widow Mine  
  146  13:53  Marauder x3, Marine x8  
  146  13:55  Medivac x2  
  174  14:03  Refinery x2  
  174  14:06  Factory  
  174  14:15  Marauder x2, Marine x6  
  184  14:43  Marauder x3, Marine  
  191  14:50  Marine x4  
Show
View Real Time Build Order
Export as new Build Order

Nessbih Terran - Winner!

Build Orders:  

Get SALT Encoding   

  12  0:00  SCV  
  13  0:12  SCV  
  14  0:19  Supply Depot  
  14  0:24  SCV  
  15  0:40  SCV  
  16  0:42  Barracks  
  16  0:51  Refinery  
  17  1:03  Barracks  
  16  1:05  SCV  
  17  1:17  SCV  
  18  1:30  Orbital Command  
  18  1:34  Reaper  
  19  1:41  Barracks  
  19  1:52  Reaper  
  19  1:53  Supply Depot  
  20  1:57  SCV  
  21  2:11  Reaper  
  21  2:12  SCV  
  23  2:24  SCV  
  24  2:31  Reaper  
  25  2:54  Reaper  
  24  3:05  Reaper  
  24  3:09  Command Center  
  25  3:20  SCV  
  25  3:32  Reaper  
  26  3:39  Refinery  
  25  3:43  Barracks  
  25  3:45  SCV  
  25  3:50  Command Center  
  25  3:52  Marine x2  
  27  3:57  SCV  
  28  4:04  Reaper  
  29  4:24  Orbital Command  
  29  4:26  SCV  
  30  4:34  Barracks Tech Lab  
  30  4:35  Factory  
  30  4:38  SCV  
  31  4:55  SCV x2  
  31  4:58  Marauder  
  35  5:00  Concussive Shells  
  35  5:01  Supply Depot  
  35  5:05  Barracks  
  36  5:07  SCV  
  36  5:09  Refinery  
  37  5:18  SCV  
  37  5:20  Orbital Command  
  37  5:22  Factory Tech Lab  
  37  5:25  Starport, SCV  
  38  5:31  SCV  
  39  5:44  Refinery, SCV x2  
  41  5:50  Siege Tank  
  41  5:51  Barracks Tech Lab  
  41  5:54  Barracks Reactor  
  41  5:56  SCV x2  
  46  5:59  SCV  
  47  6:06  Marine  
  47  6:08  SCV x2  
  50  6:11  SCV  
  50  6:14  Marine  
  50  6:15  Starport Reactor  
  50  6:17  Stimpack  
  52  6:20  SCV  
  52  6:21  Combat Shield  
  52  6:22  SCV  
  52  6:23  SCV  
  55  6:28  Barracks Reactor, Marine  
  55  6:32  SCV, Marine  
  57  6:33  Supply Depot x2  
  57  6:34  SCV  
  57  6:35  SCV, Engineering Bay  
  57  6:38  Marine x2  
  62  6:44  SCV  
  62  6:46  SCV  
  64  6:48  SCV  
  64  6:52  Marine x2  
  67  6:56  SCV, Marine  
  67  6:58  SCV  
  67  7:00  SCV, Marine  
  67  7:01  Supply Depot x2  
  72  7:08  SCV  
  72  7:10  SCV, Marine, Missile Turret  
  74  7:16  Missile Turret  
  74  7:22  SCV, Marine  
  75  7:23  SCV, Marine x3  
  75  7:24  Marine  
  75  7:28  Marine, Viking  
  81  7:38  Medivac  
  81  7:40  Marine, Siege Tank  
  81  7:41  Marine x3  
  81  7:42  SCV  
  91  7:50  Marine, Missile Turret  
  92  7:52  Missile Turret  
  92  7:54  Marine  
  92  7:58  Marine  
  94  7:59  Marine  
  96  8:05  SCV, Marine  
  96  8:08  Marine  
  96  8:09  Marine  
  96  8:12  Marine  
  99  8:15  Orbital Command, Supply Depot  
  99  8:16  Marine, Supply Depot  
  101  8:20  Supply Depot  
  101  8:23  Supply Depot  
  101  8:24  Terran Infantry Weapons Level 1  
  101  8:26  Engineering Bay  
  101  8:28  Armory  
  101  8:30  Refinery  
  101  8:33  Missile Turret  
  101  8:36  SCV x2, Marine x3, Siege Tank  
  101  8:37  Marine x3, Medivac x2  
  116  8:47  SCV  
  117  8:48  SCV  
  117  8:54  Marine x3  
  117  8:55  Marine x2  
  123  9:18  Marine x2  
  123  9:19  Marine x3  
  123  9:20  Marauder, Siege Tank  
  123  9:23  Terran Infantry Armor Level 1, Terran Ship Weapons Level 1  
  133  9:27  Supply Depot  
  133  9:29  Supply Depot  
  133  9:31  Supply Depot  
  133  9:37  SCV  
  133  9:42  Marine  
  133  9:44  SCV  
  133  9:45  Viking  
  132  9:46  Marine, Viking  
  132  9:47  Marine x3  
  132  9:49  Marauder  
  137  9:53  Widow Mine  
  137  9:54  Supply Depot  
  137  9:55  Supply Depot  
  137  9:58  Supply Depot  
  137  10:00  Marine  
  137  10:01  Supply Depot  
  137  10:04  Marine x2  
  137  10:05  Marine  
  137  10:06  Marauder  
  143  10:12  Marine  
  144  10:14  SCV  
  144  10:16  Refinery  
  144  10:18  Marine, Command Center  
  144  10:20  Factory  
  146  10:21  Marine  
  146  10:22  Marine  
  146  10:27  Barracks x2  
  148  10:28  Starport  
  148  10:31  Marine  
  148  10:32  Marauder, Marine  
  152  10:36  Marine  
  152  10:39  Marine  
  153  10:49  Marine x2  
  155  10:50  Marauder  
  155  10:53  Marine  
  139  11:03  Marine x2  
  139  11:04  Viking x2, Siege Tank  
  144  11:05  Terran Infantry Weapons Level 2  
  144  11:09  Starport Reactor  
  150  11:11  Marauder  
  150  11:15  Marine x2  
  150  11:16  Marauder, Marine  
  156  11:21  Marine x2  
  156  11:22  Factory Tech Lab  
  156  11:23  Barracks Reactor  
  157  11:29  Terran Infantry Armor Level 2  
  157  11:32  Marine  
  158  11:33  Marine x3  
  158  11:36  Viking x2  
  158  11:38  Marauder, Marine  
  158  11:39  Marine  
  169  11:43  Supply Depot  
  169  11:45  Supply Depot  
  169  11:47  Supply Depot  
  169  11:50  Marauder  
  169  11:51  Marine  
  169  12:05  Marine  
  169  12:06  Marauder, Marine x5  
  169  12:07  Siege Tank  
  169  12:08  Viking x2, Siege Tank  
  183  12:09  Marine  
  183  12:12  Marauder  
  187  12:24  SCV, Marine x4  
  187  12:25  SCV  
  187  12:27  Marauder  
  187  12:29  Marine  
  195  12:30  Marine x2  
  195  12:31  Viking  
  195  12:41  Marine  
  175  12:50  Marauder, Marine x6  
  175  12:51  Marauder  
  170  12:59  Marine  
  169  13:07  Marine  
  169  13:08  Marine x5  
  169  13:09  Siege Tank  
  169  13:11  Viking, Siege Tank  
  169  13:12  Marauder  
  178  13:23  Marine  
  178  13:24  Marauder  
  178  13:25  Marine x2  
  181  13:32  Command Center  
  181  13:43  Viking x2  
  181  13:46  Marine x3  
  188  13:55  Marine x2  
  188  13:56  Marauder, Marine  
  188  14:01  Refinery  
  193  14:02  Planetary Fortress  
  190  14:11  Marauder, Marine x3  
  195  14:23  Marine  
  195  14:24  Marauder, Marine x2  
  200  14:43  Command Center  
  200  14:44  Command Center  
Tags
 
Add a new tag
Caveats
  • Supply blocks, unpowered buildings, or Contaminate may cause inaccurate times.
  • Supply counts are checked every 10 seconds.